Nobody, neutral female gnomish Healer ------------- |...........| ------ ##............| |(...| # |...........| |....-###### ### --.----.----- |....| # `######### ############################### ---+-- ### ### # ------.------ f -------# |...<.......| f@h....r.# #|........{..| |.....|## #.....(......| -......# ------------- |.....| ------- Nobody the Rhizotomist Experience level: 2 Strength: 10 Dexterity: 8 Constitution: 13 Intelligence: 10 Wisdom: 17 Charisma: 17 Health: 0(14) Energy: 9(9) Def: 2 Gold: 2614 Moves: 1220 Dungeon seed: S99ec93vZAxBwWGJ Game ID: Nobody_1587129912 Your Inventory: Coins $ - 2614 gold pieces Weapons a - a +0 scalpel (weapon in hand) q - 3 +0 darts s - a +0 mace t - 4 +0 crossbow bolts (in quiver) x - a +0 dagger y - a +0 javelin E - a +1 orcish dagger Armor e - an uncursed +1 pair of leather gloves (being worn) Comestibles l - 6 uncursed apples v - an uncursed carrot C - an uncursed orange F - 2 cursed tins of jackal meat Scrolls w - an uncursed scroll of identify D - an uncursed scroll of magic mapping Spellbooks i - a blessed spellbook of healing j - a blessed spellbook of extra healing k - a blessed spellbook of stone to flesh p - an uncursed spellbook of healing Potions c - 3 uncursed potions of healing d - a blessed potion of healing f - 3 uncursed potions of extra healing g - a blessed potion of extra healing m - an uncursed potion of fruit juice B - an uncursed potion of sleeping Rings u - a cursed ring of aggravate monster z - an uncursed ring of stealth G - a cursed -1 ring of increase accuracy H - a cursed ring of polymorph Wands h - a wand of sleep (0:4) A - a wand of light (0:12) Tools b - an uncursed stethoscope Gems n - an uncursed worthless piece of white glass r - an uncursed worthless piece of blue glass Spells and supernatural/magical abilities: Name Level Category Fail Memory h - healing 1 healing 0% 94% x - extra healing 3 healing 47% 94% S - stone to flesh 3 healing 58% 94% W - pray for help -- divine ? -- Your skills at the end: Fighting Skills Weapon Skills knife [Basic] Spellcasting Skills healing spells [Basic] Final Attributes: You were devoutly aligned. You were poison resistant. You had infravision. You are dead. Vanquished creatures: a rock piercer a kitten a homunculus a hobbit a hobgoblin 3 giant rats a green mold 2 geckos a jackal a kobold a sewer rat a bat 2 lichens 2 newts 19 creatures vanquished. Voluntary challenges: You were an atheist. You used a wielded weapon 19 times, starting on turn 167. You were illiterate. You never genocided any monsters. You never polymorphed an object. You never changed form. You used no wishes. You never split a pudding. You never wrote Elbereth's name. You never violated your personal moral code. Dungeon overview: The Dungeons of Doom: levels 1 to 6 Level 1 a long staircase Level 2 Level 3 a fountain Level 4 a fountain, a sink Level 5 Level 6 <- You were here a fountain History has recorded: On T:1 you entered the Dungeons of Doom to retrieve the Amulet of Yendor! On T:205 you reached level 2 of The Dungeons of Doom. On T:296 you reached level 3 of The Dungeons of Doom. On T:583 you advanced to experience level 2. On T:614 you reached level 4 of The Dungeons of Doom. On T:972 you reached level 5 of The Dungeons of Doom. On T:1004 you reached level 6 of The Dungeons of Doom. Score breakdown: Gold: 752 ( 9785 points) Experience: 2 levels ( 5570 points) Exploration: 6 levels ( 11.76%) ( 9486 points) Discoveries: 1 item ( 0.34%) ( 1755 points) Valuables value: (no points given unless you survive) Artifact value: 0 ( 0 points) Variety of kills: 14 monsters ( 3.67%) ( 5750 points) Turncount: 1220 turns ( 0 points) Survival: died (score multiplied by 80%) Total score: 25876 Latest messages: The giant rat is killed! You see here a giant rat corpse. You have a little trouble lifting I - a giant rat corpse. Your movements are slowed slightly because of your load. You drop a giant rat corpse. Your movements are now unencumbered. This giant rat corpse tastes terrible! You finish eating the giant rat corpse. The hobbit picks up a crossbow bolt. You hit the hobbit. The hobbit hits! You miss the hobbit. The hobbit hits! You miss the hobbit. You hit the hobbit. The hobbit hits! You stop. Your kitten is in the way! The hobbit hits! You die... Final status: Goodbye Nobody the Healer, killed by a hobbit... You died in The Dungeons of Doom on dungeon level 6 with 25876 points, and 2614 pieces of gold, after 1220 moves. You were level 2 with a maximum of 14 hit points when you died.